 Dungeon Crawl Stone Soup version 0.26.1-11-gd32895ea62 (webtiles) character file.

Game seed: 10998726345382654057

884 vvl the Chopper (level 8, 0/91 HPs)
             Began as a Human Berserker on June 11, 2021.
             Was a Priest of Trog.
             Slain by a sky beast (6 damage)
             ... on level 6 of the Dungeon.
             The game lasted 00:16:27 (7519 turns).

vvl the Chopper (Human Berserker)                   Turns: 7519, Time: 00:16:27

Health: 0/91       AC: 14    Str: 17    XL:     8   Next: 26%
Magic:  8/8        EV:  6    Int: 10    God:    Trog [***...]
Gold:   401        SH:  0    Dex:  9    Spells: 7/7 levels left

rFire    . . .     SeeInvis .   A - +4 mace
rCold    . . .     Faith    .   (no shield)
rNeg     . . .     Spirit   .   G - +0 plate armour
rPois    .         Reflect  .   (no helmet)
rElec    .         Harm     .   (no cloak)
rCorr    .         Rampage  .   e - +0 pair of gloves
Will     ++...                  u - +0 pair of boots
Stlth    ..........             s - amulet of inaccuracy (curse)
HPRegen  1.25/turn              x - -4 ring of dexterity (curse)
MPRegen  0.11/turn              t - ring of attention (curse)

@: berserking, regenerating, very quick
A: no striking features
a: Renounce Religion, Berserk, Trog's Hand


You were on level 6 of the Dungeon.
You worshipped Trog.
Trog was most pleased with you.
You visited 1 branch of the dungeon, and saw 6 of its levels.

You collected 401 gold pieces.

Inventory:

Hand Weapons
 a - a +0 hand axe
 A - a +4 mace (weapon)
Armour
 e - a +0 pair of gloves (worn)
 u - a +0 pair of boots (worn)
 G - a +0 plate armour (worn)
Jewellery
 f - an uncursed ring of protection from cold
 o - an uncursed ring of positive energy
 s - a cursed amulet of inaccuracy (around neck)
 t - a cursed ring of attention (right hand)
 x - a cursed -4 ring of dexterity (left hand)
 B - an uncursed ring of protection from cold
Wands
 b - a wand of disintegration (9)
 n - a wand of digging (3)
 D - a wand of paralysis (7)
 F - a wand of enslavement (6)
Scrolls
 g - 2 scrolls of blinking
 h - 3 scrolls of enchant weapon
 w - a scroll of enchant armour
 y - a scroll of identify
 z - a scroll of teleportation
Potions
 c - 6 potions of curing {unknown}
 d - a potion of mutation {unknown}
 i - a potion of magic
 j - a potion of heal wounds {unknown}
 k - a potion of brilliance
 l - a potion of cancellation {unknown}
 m - 3 potions of haste {unknown}
 p - a potion of resistance {unknown}
 r - a potion of attraction
 v - 3 potions of ambrosia
 E - a potion of degeneration {unknown}


   Skills:
 + Level 4.9 Fighting
 * Level 6.3 Axes
 + Level 4.3 Armour
 + Level 4.3 Dodging


You had 7 spell levels left.
You didn't know any spells.
Your spell library contained the following spells:

 Spells                   Type           Power        Failure   Level
 Magic Dart               Conj           0%           100%        1
 Searing Ray              Conj           0%           100%        2
 Dazzling Flash           Conj/Hex       0%           100%        3
 Fulminant Prism          Conj/Hex       0%           100%        4
 Iskenderun's Mystic Bla  Conj/Tloc      0%           100%        4


Dungeon Overview and Level Annotations

Branches:
Dungeon (6/15)             Temple (0/1) D:5

Altars:
Elyvilon
Sif Muna
The Shining One

Shops:
D:5 =

Annotations:
D:5 2 runed translucent doors, SpoonFarmer's ghost, novice DrCj


Message History

You miss something. Something hits you. Something shocks you.
* * * LOW HITPOINT WARNING * * *
Something hits you but does no damage.
You completely miss something. Something hits you.
* * * LOW HITPOINT WARNING * * *
Something shocks you.
* * * LOW HITPOINT WARNING * * *
You closely miss something. Something hits you but does no damage.
Your skin crawls.
You feel strong-willed. Something hits you but does no damage.
A red film seems to cover your vision as you go berserk!
You feel yourself moving faster!
You feel mighty! Something hits you.
* * * LOW HITPOINT WARNING * * *
Something shocks you.
* * * LOW HITPOINT WARNING * * *
You miss something. Something hits you.
* * * LOW HITPOINT WARNING * * *
Something shocks you.
You die...

#..#.....# ##....#.>#
#..#....###### ..#
##.####......### #.# #
##.......# ##.#
#....##.####.... ###
#...)##......#.#
.....####.........# #.#
#..{@.....###.####.#
#....###...........#.##
...##
###.#######.#..... #
#...# #.####.# #.###
#.# #.# ####.# #.####.#
#....# #.##.... #.####
###.##.#.#
#.##########......#.#


There were no monsters in sight!

Vanquished Creatures
  An ice beast (D:5)
  A phantom (D:4)
  An ogre (D:6)
  A bullfrog (D:6)
  A howler monkey (D:5)
  An orc wizard (D:5)
  A jelly (D:5)
  An orc priest (D:4)
  2 hounds
  A bullfrog skeleton (D:5)
  Jessica (D:3)
  Natasha (thrice) (D:2)
  An iguana (D:4)
  A worker ant (D:5)
  3 gnolls (D:5)
  3 adders
  2 white imps (D:6)
  An ooze (D:4)
  3 worms
  A dart slug (D:1)
  5 leopard geckos
  15 orcs
  A ball python (D:6)
  7 giant cockroaches
  14 hobgoblins
  6 jackals
  2 quokkas (D:2)
  A ball python skeleton (D:4)
  4 bats
  6 frilled lizards
  13 goblins
  2 kobolds
  A leopard gecko zombie (D:4)
  6 rats
113 creatures vanquished.

Vanquished Creatures (others)
  11 plants (D:1)
11 creatures vanquished.

Grand Total: 124 creatures vanquished

Notes
Turn   | Place    | Note
-------+----------+-------------------------------------------
     0 | D:1      | vvl the Human Berserker began the quest for the Orb.
     0 | D:1      | Reached XP level 1. HP: 18/18 MP: 1/1
   260 | D:1      | Reached XP level 2. HP: 8/24 MP: 2/2
   815 | D:1      | Reached XP level 3. HP: 21/29 MP: 3/3
  1854 | D:2      | Noticed Natasha
  1860 | D:2      | Killed Natasha
  1861 | D:2      | Reached XP level 4. HP: 34/35 MP: 4/4
  2066 | D:2      | Reached ** piety under Trog
  2137 | D:2      | Noticed Natasha
  2145 | D:2      | Killed Natasha
  2146 | D:2      | Reached skill level 4 in Axes
  2146 | D:2      | Reached XP level 5. HP: 35/41 MP: 5/5
  2631 | D:2      | Noticed Natasha
  2638 | D:2      | Killed Natasha
  2963 | D:3      | Noticed Jessica
  2981 | D:3      | Killed Jessica
  3076 | D:3      | Found a glowing golden altar of the Shining One.
  3415 | D:3      | Reached XP level 6. HP: 48/48 MP: 6/6
  4374 | D:4      | Noticed a phantom
  4599 | D:4      | Killed a phantom
  4600 | D:4      | Reached skill level 5 in Axes
  4976 | D:4      | Reached XP level 7. HP: 46/54 MP: 7/7
  5475 | D:5      | Entered Level 5 of the Dungeon
  5849 | D:5      | Found a staircase to the Ecumenical Temple.
  6074 | D:5      | Found a shimmering blue altar of Sif Muna.
  6151 | D:5      | Reached *** piety under Trog
  6179 | D:5      | Reached XP level 8. HP: 27/61 MP: 8/8
  6355 | D:5      | Found Ciaqum's Jewellery Boutique.
  6590 | D:5      | Found a large runed translucent door.
  6591 | D:5      | Found a large runed translucent door.
  6592 | D:5      | Noticed SpoonFarmer's ghost (novice DrCj)
  6797 | D:6      | Reached skill level 6 in Axes
  6805 | D:6      | Found a white marble altar of Elyvilon.
  7519 | D:6      | Slain by a sky beast

Illustrated notes

Levels and vault maps discovered:
D:1:      minmay_arrival_open_corners, layout_loops_corners, serial_forest,
          infiniplex_forest_straight_4, infiniplex_forest_pool,
          infiniplex_forest_clump_medium, infiniplex_forest_clump_double,
          infiniplex_forest_clump_double, infiniplex_forest_clump_long,
          infiniplex_forest_straight_2, infiniplex_forest_clump_small,
          infiniplex_forest_straight_2, infiniplex_forest_lined_room_3,
          minmay_lizard_king
D:2:      cheibrodos_greedy_goblins, layout_loops_ring, uniq_natasha
D:3:      layout_loops_ring, tso_metal_star, uniq_jessica
D:4:      layout_cave_pods
D:5:      layout_basic, lemuel_blue_sif_altar, temple_hall, serial_shops, shop,
          ebering_ghost_disaster_area, kennysheep_boxes
D:6:      layout_rooms, elyvilon_altar_1

Skill      XL: |  1  2  3  4  5  6  7  8 |
---------------+-------------------------+-----
Axes           | 4 5 6 |  6.3
Armour         | 3 4 |  4.3
Dodging        | 3 4 |  4.3
Fighting       | 4 |  4.9

Action                   |  1- 3 |  4- 6 |  7- 9 || total
-------------------------+-------+-------+-------++-------
Melee: Hand axe          |   110 |   309 |    97 ||   516
       Mace              |       |       |   102 ||   102
Invok: Berserk           |     2 |     3 |     4 ||     9
       Trog's Hand       |       |     1 |     2 ||     3
  Use: Scroll            |       |     7 |     4 ||    11
Armor: Animal skin       |    24 |       |       ||    24
       Chain mail        |       |   188 |    85 ||   273
       Plate armour      |       |       |    41 ||    41
       Leather armour    |       |       |     4 ||     4
Dodge: Dodged            |    68 |   143 |   103 ||   314
